 Dungeon Crawl Stone Soup version 0.28.0 (webtiles) character file.

Game seed: 17138364504973403665

149 croobank the Firebug (level 5, -2/35 HPs)
             Began as a Demonspawn Fire Elementalist on Feb 18, 2022.
             Killed by an exploding Ijyb (16 damage)
             ... ignited by their inner flame
             ... on level 3 of the Dungeon.
             The game lasted 00:17:57 (2769 turns).

croobank the Firebug (Demonspawn Fire Elementalist) Turns: 2769, Time: 00:17:58

Health: -2/35      AC:  9    Str: 10    XL:     5   Next: 9%
Magic:  4/9        EV: 12    Int: 20    God:
Gold:   96         SH:  0    Dex: 14    Spells: 2/9 levels left

rFire   . . .      SeeInvis +   n - +0 trident
rCold   + . .      Faith    .   (no shield)
rNeg    . . .      Spirit   .   l - +0 leather armour
rPois   .          Reflect  .   k - +2 hat
rElec   .          Harm     .   p - +2 cloak of the Thief {*Fog Slay-2 SInv Stlth+}
rCorr   .          Rampage  .   (no gloves)
Will    .....                   g - +0 pair of boots
Stlth   +++.......              (no amulet)
HPRegen 0.11/turn               (no ring)
MPRegen 0.22/turn               (no ring)

@: no status effects
A: claws 1, magic regeneration, big brain 1, cold resistance 1, strong 1
a: no special abilities


You were on level 3 of the Dungeon.
You visited 1 branch of the dungeon, and saw 3 of its levels.

You collected 96 gold pieces.

Inventory:

Hand Weapons
 b - a +0 hunting sling
 f - a +0 short sword
 n - a +0 trident (weapon)
 r - a +0 dagger of protection
Missiles
 c - 39 stones
 i - 19 arrows
 m - 3 boomerangs (quivered)
Armour
 a - a +0 robe
 e - the +0 chain mail of Experimentation {rC- Will++ Dex+4}
   (You acquired it on level 3 of the Dungeon)

   Dex:       It affects your dexterity (+4).
   rC:        It makes you vulnerable to cold.
   Will:      It greatly increases your willpower.
 g - a +0 pair of boots (worn)
 k - a +2 hat (worn)
 l - a +0 leather armour (worn)
 o - a +0 ring mail
 p - the +2 cloak of the Thief (worn) {*Fog Slay-2 SInv Stlth+}
   (You found it on level 2 of the Dungeon)

   It may release a thick cloud of smoke when the wearer is hurt.
   Slay:      It affects your accuracy & damage with ranged weapons and melee
   (-2).
   SInv:      It lets you see invisible.
   Stlth:     It makes you more stealthy.
Jewellery
 j - the ring "Yxtuwysa" {rCorr MP-9 Dex+3 SInv}
   (You acquired it on level 3 of the Dungeon)

   [ring of resist corrosion]

   Dex:       It affects your dexterity (+3).
   MP:        It affects your magic capacity (-9).
   SInv:      It lets you see invisible.
   rCorr:     It protects you from acid and corrosion.
Scrolls
 h - a scroll of vulnerability
Potions
 q - a potion of brilliance


   Skills:
 - Level 1.7 Armour
 - Level 2.3 Dodging
 - Level 2.4 Stealth
 + Level 2.7 Spellcasting
 + Level 2.2 Conjurations
 + Level 3.3 Fire Magic


You had 2 spell levels left.
You knew the following spells:

 Your Spells              Type           Power      Damage    Failure   Level
a - Foxfire               Conj/Fire      52%        2x1d6     6%          1
b - Scorch                Fire           30%        2d6       8%          2
c - Flame Wave            Conj/Fire      13%        2d6       52%         4

Your spell library contained the following spells:

 Spells                   Type           Power      Damage    Failure   Level
 Conjure Flame            Conj/Fire      13%        6-21      19%         3
 Inner Flame              Hex/Fire       9%         N/A       30%         3
 Confusing Touch          Hex            2%         N/A       50%         3
 Portal Projectile        Hex/Tloc       4%         N/A       50%         3
 Blade Hands              Tmut           1%         N/A       99%         5
 Excruciating Wounds      Necr           1%         N/A       99%         5
 Yara's Violent Unravell  Hex/Tmut       1%         3d3       99%         5
 Enfeeble                 Hex            1%         N/A       100%        7


Dungeon Overview and Level Annotations

Branches:
Dungeon (3/15)

Altars:
Dithmenos


Innate Abilities, Weirdness & Mutations

You have sharp fingernails.
You regenerate magic rapidly.
You have an unusually large brain. (Int +2)
Your flesh is cold resistant. (rC+)
Your muscles are strong. (Str +2)


Message History

Ijyb is no longer more vulnerable to fire.
Ijyb hits you but does no damage.
You barely miss Ijyb.
The foxfire hits Ijyb but does no damage.
Ijyb hits you with a +0 dagger.
With a swish of your cloak, you release a cloud of fog.
Ijyb hits you with a +0 dagger.
With a swish of your cloak, you release a cloud of fog.
You aren't carrying any items that you can evoke.
You feel better. Ijyb barely misses you.
You aren't carrying any items that you can evoke.
Reach: n) +0 trident
Press: ? - help, Dir - move target, f - frilled lizard
Aim: a frilled lizard (inner flame, about 71% to evade your +0 trident)
You reach to attack!
You closely miss the frilled lizard. Ijyb screams, "Me stronger than you!"
Ijyb hits you but does no damage. Ijyb hits you with a +0 dagger.
You aren't carrying any items that you can evoke.
Reach: n) +0 trident
Press: ? - help, Dir - move target, f/p - frilled lizard
Aim: a frilled lizard (inner flame, about 71% to evade your +0 trident)
You reach to attack!
You barely miss the frilled lizard. Ijyb hits you with a +0 dagger.
You aren't carrying any items that you can evoke.
Reach: n) +0 trident
Press: ? - help, Dir - move target, f/p - frilled lizard
Aim: a frilled lizard (inner flame, about 71% to evade your +0 trident) Ijyb is in the way.
You hit Ijyb but do no damage. Ijyb hits you but does no damage.
You aren't carrying any items that you can evoke.
You hit Ijyb.
Flame seeps out of Ijyb.
Ijyb is moderately wounded.
Ijyb is engulfed in blazing flames.
Flame seeps out of Ijyb.
Ijyb hits you with a +0 dagger. x2
You hit Ijyb.
Flame seeps out of Ijyb.
Ijyb is almost dead.
Ijyb is engulfed in blazing flames.
Ijyb explodes!
The fiery explosion engulfs you!
You die...

#########
#§°l§§§.#
#@#####.# #.# #.#
#.# #§### ### #.#
§l§.....> #.#
...§...... #.#
...........##
#.#.......g#....#
#.#.#......#.##.#
#.#.#...l..#..#.#


You could see a frilled lizard (inner flame).

Vanquished Creatures
  Jessica (D:3)
  Ijyb (D:3)
  Terence (D:3)
  3 adders (D:2)
  A worm (D:2)
  3 dart slugs
  An orc (D:2)
  3 endoplasms
  5 giant cockroaches
  5 goblins
  5 hobgoblins
  4 jackals (D:1)
  4 kobolds
  7 quokkas
  2 ball pythons
  3 bats (D:1)
  2 frilled lizards
  9 rats
60 creatures vanquished.

Vanquished Creatures (others)
  87 foxfires
87 creatures vanquished.

Grand Total: 147 creatures vanquished

Notes
Turn   | Place    | Note
-------+----------+-------------------------------------------
     0 | D:1      | croobank the Demonspawn Fire Elementalist began the quest
                  | for the Orb.
     0 | D:1      | Reached XP level 1. HP: 13/13 MP: 3/3
   350 | D:1      | Gained mutation: You have sharp fingernails. [demonic
                  | ancestry]
   350 | D:1      | Reached XP level 2. HP: 19/19 MP: 1/5
   353 | D:1      | Learned a level 2 spell: Scorch
   966 | D:2      | Gained mutation: You regenerate magic rapidly. [demonic
                  | ancestry]
   966 | D:2      | Reached XP level 3. HP: 24/24 MP: 1/6
  1012 | D:2      | Found the +2 cloak of the Thief {*Fog Slay-2 SInv Stlth+}
  1051 | D:2      | Reached skill level 3 in Fire Magic
  1249 | D:2      | Found a shadowy altar of Dithmenos.
  1472 | D:3      | Identified 2 scrolls of acquirement
  1472 | D:3      | Acquired the +0 chain mail of Experimentation {rC- Will++
                  | Dex+4}
  1532 | D:3      | Gained mutation: You have an unusually large brain. (Int
                  | +2) [demonic ancestry]
  1532 | D:3      | Reached XP level 4. HP: 26/30 MP: 7/7
  1579 | D:3      | Noticed Ijyb
  1589 | D:3      | Acquired the ring "Yxtuwysa" {rCorr MP-9 Dex+3 SInv}
  1749 | D:3      | Gained mutation: Your muscles are strong. (Str +2) [potion
                  | of mutation]
  1749 | D:3      | Gained mutation: Your flesh is cold resistant. (rC+)
                  | [potion of mutation]
  1982 | D:3      | Noticed Jessica
  2033 | D:3      | Killed Jessica
  2034 | D:3      | Reached skill level 1 in Armour
  2214 | D:3      | Noticed an ice beast
  2492 | D:3      | Noticed Terence
  2498 | D:3      | Learned a level 4 spell: Flame Wave
  2504 | D:3      | Killed Terence
  2505 | D:3      | Reached XP level 5. HP: 35/35 MP: 1/9
  2572 | D:3      | Found a faded altar of an unknown god.
  2769 | D:3      | Killed Ijyb
  2769 | D:3      | Killed by an exploding Ijyb... ignited by their inner flame

Illustrated notes

Levels and vault maps discovered:
D:1:      lightli_arrival_lavapool, layout_basic, nrook_uturn
D:2:      layout_rooms, basic_altar
D:3:      layout_basic, ebering_ecumenical_altar_abandoned,
          gup_sewer_entry_pipe, grunt_decor_mini_mirrors, uniq_jessica,
          uniq_terence, uniq_ijyb

Skill      XL: |  1  2  3  4 |
---------------+-------------+-----
Stealth        | 2 |  2.4
Dodging        | 2 |  2.3
Fire Magic     | 3 |  3.3
Armour         | 1 |  1.7
Conjurations   | 2 |  2.2
Spellcasting   | |  2.7

Action                   |  1- 3 |  4- 6 || total
-------------------------+-------+-------++-------
Melee: Short sword       |    40 |       ||    40
       Dagger            |    40 |   262 ||   302
       Trident           |       |    22 ||    22
       Punch             |       |     2 ||     2
 Cast: Foxfire           |    40 |    12 ||    52
       Scorch            |    11 |    10 ||    21
  Use: Scroll            |     2 |     7 ||     9
       Potion            |       |     3 ||     3
 Stab: Sleeping          |     2 |       ||     2
Armor: Robe              |    15 |       ||    15
       Chain mail        |    33 |   215 ||   248
       Leather armour    |       |    12 ||    12
Dodge: Dodged            |    33 |    59 ||    92
